 Dungeon Crawl Stone Soup version 0.31-a0-18-gea43df2a32 (webtiles) character file.

Game seed: 8424445492601244988

18 bpung the Covered (level 2, -2/19 HPs)
             Began as a Gargoyle Fighter on May 11, 2023.
             Frozen to death by an endoplasm (3 damage)
             ... on level 2 of the Dungeon.
             The game lasted 00:02:05 (861 turns).

bpung the Covered (Gargoyle Fighter)                 Turns: 861, Time: 00:02:08

Health: -2/19      AC:  9    Str: 16 (19) XL:     2   Next: 66%
Magic:  2/2        EV:  8    Int:  7 (8)  God:
Gold:   62         SH:  4    Dex:  6 (9)  Spells: 1/1 levels left

rFire   . . .        a - +0 flail
rCold   . . .        c - +0 buckler
rNeg    + . .        e - +0 scale mail
rPois   ∞            (no helmet)
rElec   +            (no cloak)
rCorr   .            (no gloves)
SInv    .            (no boots)
Will    .....        (no amulet) Stlth
                     (no ring)
HPRegen 0.23/turn    (no ring)
MPRegen 0.08/turn

%: no passive effects
@: no status effects
A: sickness immunity, AC +2, negative energy resistance 1, electricity
resistance, torment resistance 1, petrification resistance
a: no special abilities


You were on level 2 of the Dungeon.
You visited 1 branch of the dungeon, and saw 2 of its levels.

You collected 62 gold pieces.

Inventory:

Hand Weapons
 a - a +0 flail (weapon)
 b - a +4 sling
Missiles
 j - 13 stones (quivered)
Armour
 c - a +0 buckler (worn)
 e - a +0 scale mail (worn)
Scrolls
 f - 3 scrolls of enchant weapon {unknown}
 i - a scroll of noise {unknown}
 l - a scroll of teleportation {unknown}
Potions
 d - a potion of might
 h - 2 potions of curing
 k - a potion of cancellation {unknown}


   Skills:
 + Level 3.5 Fighting
 + Level 2.3 Maces & Flails
 + Level 3.5 Armour
 + Level 3.5 Shields


You had one spell level left.
You didn't know any spells.
Your spell library was empty.

Dungeon Overview and Level Annotations

Branches:
Dungeon (2/15)

Altars:


Innate Abilities, Weirdness & Mutations

You are immune to sickness and miasma.
Your stone body is resilient. (AC +2)
You are immune to poison.
You resist negative energy. (rN+)
You are resistant to electric shocks. (rElec)
You are resistant to unholy torment.
You are immune to petrification.


Message History

* * * LOW HITPOINT WARNING * * *
The adder closely misses you. You block the endoplasm's attack.
The adder attacks as you move away! The adder completely misses you.
The endoplasm attacks as you move away! The endoplasm barely misses you.
Found 9 stones.
The adder attacks as you move away! The adder bites you but does no damage.
Found a scroll labelled ZUIVYSKIKH.
It was a potion of curing.
You feel better. The adder barely misses you.
The adder bites you but does no damage. The endoplasm freezes you.
You are frozen.
You hit the adder but do no damage.
The adder is severely wounded.
The adder bites you but does no damage. The endoplasm freezes you.
You are frozen.
* * * LOW HITPOINT WARNING * * *
Unknown command.
A hobgoblin comes into view.
The adder barely misses you. The adder attacks as you move away!
The adder barely misses you.
A kobold comes into view. It is wielding a +0 dagger.
Found a scroll labelled GOBET YCHOE.
The kobold shouts!
A hobgoblin and a frilled lizard come into view.
The hobgoblin shouts!
The endoplasm jiggles.
The endoplasm attacks as you move away! The endoplasm hits you.
* * * LOW HITPOINT WARNING * * *
The adder attacks as you move away!
The adder bites you but does no damage. x2
The kobold throws a stone.
The stone hits you but does no damage. The adder completely misses you.
It was a potion of degeneration.
There was something very wrong with that liquid.
You feel weakened.
You feel dopey.
You feel clumsy. The adder bites you.
* * * LOW HITPOINT WARNING * * *
The endoplasm freezes you.
You are frozen.
You die...

#<.?#### #...
##......####...
##............#
#.?.......(...##
#..............#
#...?.......##.
#...........#
#..........S###
##........gJ@.#
#...K(...gl#?..#
#...........###....#
#............ ##..
...........?. .
.........####
......... .......


You could see an adder, an endoplasm, 2 hobgoblins, a kobold and a frilled
lizard.

Vanquished Creatures
  An adder (D:1)
  A ball python (D:1)
  2 bats (D:1)
  An endoplasm (D:1)
  2 frilled lizards (D:1)
  3 rats (D:1)
10 creatures vanquished.

Notes
Turn   | Place    | Note
-------+----------+-------------------------------------------
     0 | D:1      | bpung the Gargoyle Fighter began the quest for the Orb.
     0 | D:1      | Reached XP level 1. HP: 14/14 MP: 1/1
   498 | D:1      | Reached XP level 2. HP: 19/19 MP: 2/2
   861 | D:2      | Frozen to death by an endoplasm

Illustrated notes

Levels and vault maps discovered:
D:1:      tarquinn_simple_flora_water_a, layout_basic, minivault_24,
          roderic_serpentine_path
D:2:      layout_rooms, basic_altar, serial_shops, shop,
          nicolae_shop_just_a_little_nook, guppyfry_early_orc_mine

Action                     || total
---------------------------++-------
  Melee: Flail             ||    40
   Fire: Sling             ||     3
    Use: Scroll            ||     1
         Potion            ||     2
 Armour: Scale mail        ||    51
  Dodge: Dodged            ||    33
  Block: Buckler           ||     7

Table legend: (Time is in decaauts)
 A = Elapsed time spent in this place.
 B = Non-inter-level travel time spent in this place.
 C = Inter-level travel time spent in this place.
 D = Time resting spent in this place.
 E = Time spent auto-exploring this place.
 F = Levels seen in this place.
 G = Mean time per level.
                   A        B        C        D        E       F      G
               +--------+--------+--------+--------+--------+-----+--------+
         Total |    873 |    836 |     37 |      0 |    658 |   2 |  436.5 |
       Dungeon |    873 |    836 |     37 |      0 |    658 |   2 |  436.5 |
               +--------+--------+--------+--------+--------+-----+--------+

Top non-repeatable levels by time:
     D:1: 848 daAuts
     D:2: 25 daAuts
